Cogmind - Beta 14 @@@ ROGUE MODE // 2024.09.10 @ 21:46:11 Player: s0lid Result: Destroyed by L-41 Fighter with Axe Performance ------------- Evolutions (4) 2000 Regions Visited (6) 1200 Robots Destroyed (80) 400 Value Destroyed (2692) 2692 Prototype IDs (19) 380 Alien Tech Used (0) 0 Bonus (380) 380 TOTAL SCORE: 7052 Bonus ------- High Alert Combat Kills 380 Cogmind --------- Core Integrity 0/850 Matter 143/300 Energy 81/100 System Corruption 3% Temperature Cool (0) Movement Core (450) Ox8 Location -6/Factory Parts ------- > --- POWER (1) -------- (None) > --- PROPULSION (5) --- (None) > --- UTILITY (7) ------ Large Storage Unit Advanced Visual Processing Unit Advanced Signal Interpreter Microactuators System Guard > --- WEAPON (2) ------- Falx > --- INVENTORY (15) --- Light Angular Momentum Engine Light Angular Momentum Engine Hybrid Fission Core Advanced Heat Sink Compact Battery (200) Improved Reaction Control System Cloaking Device System Shield Improved System Restoration Module Thermic Laser Heavy Machine Gun Rocket Array Peak State ------------ > --- POWER ------------ Improved Ion Engine Light Nuclear Core Light Angular Momentum Engine > --- PROPULSION ------- Wheel Armored Huge Wheel Armored Huge Wheel > --- UTILITY ---------- Advanced Heat Sink High-capacity Storage Unit Improved Sensor Array EM Disruption Field Force Field System Guard Power Bank > --- WEAPON ----------- Heavy Plasma Cannon Falx > --- INVENTORY -------- Reinforced Deuterium Engine Armored Huge Wheel Large Storage Unit Compact Battery Compact Battery Advanced Signal Interpreter Advanced Targeting Computer Microactuators Advanced ECM Suite Improved Reaction Control System Improved Power Shielding Improved Medium Armor Plating Improved Recalibrator Precision Beam Rifle Gauss Cannon Grenade Launcher Improved Datajack [Rating: 76] Favorites ----------- Power Improved Ion Engine Engine Improved Ion Engine Power Core Light Nuclear Core Propulsion Wheel Leg Carbon-fiber Leg Wheel Wheel Hover Unit Improved Gravmag System Flight Unit Biomechanical Wings Utility High-capacity Storage Unit Device Power Bank Storage High-capacity Storage Unit Processor Targeting Computer Protection Improved Utility Shielding Weapon Lightning Gun Energy Gun Lightning Gun Energy Cannon Heavy Plasma Cannon Ballistic Gun Heavy Assault Rifle Ballistic Cannon Gauss Cannon Launcher Grenade Launcher Special Weapon Welding Torch Slashing Weapon Falx Build | -11 -10 -10 -10 -8 -7 -6 ------- Run | Yrd Mat Min Sub Mat Fac Fac Slots Evolved 8 | . . . . 4 2 2 Power . | . . . . . . . Propulsion 3 | . . . . 1 1 1 Utility 5 | . . . . 3 1 1 Weapon . | . . . . . . . Parts Attached 128 | 5 5 4 2 30 10 72 Power 11 | 1 1 1 . 4 . 4 Engine 9 | 1 1 1 . 3 . 3 Core 2 | . . . . 1 . 1 Reactor . | . . . . . . . Propulsion 32 | 2 . 1 . 7 5 17 Treads . | . . . . . . . Leg 9 | . . . . 3 3 3 Wheel 13 | 2 . 1 . 4 2 4 Hover 9 | . . . . . . 9 Flight 1 | . . . . . . 1 Utility 44 | . 2 . 1 8 4 29 Device 23 | . 1 . 1 4 4 13 Storage 9 | . 1 . . 1 . 7 Processor 6 | . . . . 2 . 4 Hackware . | . . . . . . . Protection 6 | . . . . 1 . 5 Artifact . | . . . . . . . Weapon 41 | 2 2 2 1 11 1 22 Energy Gun 22 | 1 2 1 . 9 1 8 Energy Cannon 2 | . . . . . . 2 Ballistic Gun 5 | 1 . 1 1 1 . 1 Ballistic Cannon 2 | . . . . . . 2 Launcher 3 | . . . . . . 3 Special Weapon 1 | . . . . 1 . . Impact Weapon . | . . . . . . . Slashing Weapon 6 | . . . . . . 6 Piercing Weapon . | . . . . . . . Special Melee Weapon . | . . . . . . . Unidentified Prototypes 8 | . . . . 3 . 5 Parts Lost 39 | . . . . 5 1 33 Power 7 | . . . . 1 . 6 Propulsion 15 | . . . . 2 1 12 Utility 10 | . . . . 1 . 9 Weapon 7 | . . . . 1 . 6 Highest Loss Streak 9 | . . . . 4 1 9 To Critical Strikes . | . . . . . . . Average Slot Usage (%) 91 | . 89 100 100 94 95 85 Engine 12 | . 11 14 14 15 18 10 Core 2 | . . . . 5 6 2 Leg 3 | . . . . 13 7 . Wheel 14 | . 28 28 28 7 13 10 Hover 3 | . . . . . . 8 Device 19 | . 8 14 14 15 23 22 Storage 8 | . 11 14 14 7 6 6 Processor 7 | . . . . 12 6 9 Protection 1 | . . . . . . 3 Energy Gun 10 | . 22 24 14 8 12 5 Ballistic Gun 3 | . 5 3 14 4 . . Peak Build Rating 76 | 5 12 17 17 52 64 76 Average Rating 48 | 2 8 13 17 42 52 67 On Entrance 22 | . 4 12 17 17 45 64 Naked Turns . | . . . . . . . Heaviest Build 93 | 3 51 57 57 79 64 93 Greatest Support 66 | 10 20 20 20 45 56 66 Greatest Overweight (x) 5 | . 2 2 2 5 3 3 Average Overweight (x) 1 | . 1 2 2 1 1 . Largest Inventory Capacity 20 | 5 20 20 20 20 15 20 Average Capacity 18 | 5 17 20 20 18 15 18 Most Carried 20 | 3 19 20 20 20 15 20 Average Carried 17 | 1 11 19 19 18 14 17 Final Capacity 20 | 5 20 20 20 15 15 15 Final Carried 20 | 3 19 20 20 15 15 12 Class Distribution -------------------- 75% | Scavenger-Mutant 17% | Mutant 6% | Scout Dominant Class ---------------- Mutant | -10/Materials Mutant | -10/Mines Scavenger-Mutant | -10/Subcaves Scavenger-Mutant | -8/Materials Scavenger-Mutant | -7/Factory Scavenger-Mutant | -6/Factory Resources | -11 -10 -10 -10 -8 -7 -6 ----------- Run | Yrd Mat Min Sub Mat Fac Fac Matter Collected 1824 | 129 69 142 70 442 95 877 Remotely . | . . . . . . . Salvage Created 2892 | . 100 138 190 868 56 1540 Parts 144 | . 9 8 10 56 . 61 Haulers Intercepted 5 | . 1 . . 2 . 2 Recyclers Shooed 2 | . . . . . . 2 Parts Field Recycled . | . . . . . . . Retrieved Matter . | . . . . . . . Parts Self-Destructed 6 | . . . 6 . . . Prevented . | . . . . . . . Kills | -11 -10 -10 -10 -8 -7 -6 ------- Run | Yrd Mat Min Sub Mat Fac Fac Combat Hostiles Destroyed 56 | . 3 2 4 16 . 31 Melee 3 | . . . . . . 3 Guns 35 | . 3 2 4 16 . 10 Cannons 5 | . . . . . . 5 AOE 12 | . . . . . . 12 Classes Destroyed 15 | . 3 2 2 4 . 4 Worker 7 | . . 1 . 4 . 2 Builder 2 | . . . . . . 2 Tunneler 2 | . 1 . . . . 1 Hauler 5 | . 1 . . 2 . 2 Recycler 3 | . . . . 1 1 1 Mechanic 3 | . . . . 1 . 2 Watcher 2 | . . . . 1 . 1 Swarmer 18 | . 3 . . 7 . 8 Grunt 17 | . . . 2 3 . 12 Brawler 1 | . . . . . . 1 Sentry 10 | . . 2 . 5 . 3 Specialist 4 | . . . . . . 4 Hunter 1 | . . . . 1 . . Programmer 3 | . . . . . . 3 Subdweller 2 | . . . 2 . . . Best Kill Streak 17 | . 3 3 3 7 1 17 Combat Bots Only 7 | . 3 2 3 6 . 7 Max Kills in Single Turn 5 | . 2 1 1 2 1 5 Gunslinging 1 | . 1 . . 1 . . Exploded 3 | . . . . . . 3 Melee 1 | . . . . . . 1 Uniques/NPCs Destroyed . | . . . . . . . Combat | -11 -10 -10 -10 -8 -7 -6 -------- Run | Yrd Mat Min Sub Mat Fac Fac Hostile Shots Fired 531 | . 18 4 19 84 2 404 Missed 155 | . 11 1 6 17 . 120 Damage Taken 5641 | . 62 47 238 859 102 4333 Core 1109 | . 13 18 63 115 18 882 Absorbed by Shields 704 | . . . . . . 704 Redirected to Shielding 242 | . . . . 51 . 191 Ignored by Resistances 81 | . . . . . . 81 Core Remaining (%) 84 | 100 . . 62 79 97 . Volleys Fired 180 | . 10 5 20 63 4 78 Largest 2 | . 2 2 2 2 2 2 Hottest 140 | . 112 131 98 110 110 140 Shots Fired 310 | . 20 10 40 115 8 117 Gun 261 | . 20 10 40 115 8 68 Cannon 38 | . . . . . . 38 Launcher 11 | . . . . . . 11 Special . | . . . . . . . Kinetic 107 | . . . 20 43 . 44 Thermal 142 | . 20 10 20 54 . 38 Explosive 11 | . . . . . . 11 Electromagnetic 50 | . . . . 18 8 24 Robot Hit Streak 18 | . 10 5 6 18 6 15 Robot Miss Streak 4 | . 2 1 4 3 1 3 Penetration Max 1 | . . . . 1 . 1 Secondary Targets 3 | . 2 . . 1 . . Max Gunslinging Chain 1 | . 1 . . 1 . . Shots Hit Robots 227 | . 12 8 18 81 5 103 Core Hits 138 | . 6 4 7 35 2 84 Critical Kills 1 | . . . . . . 1 Critical Parts Destroyed 1 | . . . . 1 . . Critical Strikes 12 | . 1 . . 3 . 8 Burn 5 | . 1 . . 2 . 2 Destroy 2 | . . . . 1 . 1 Blast 3 | . . . . . . 3 Sever 2 | . . . . . . 2 Melee Attacks 18 | . . . . . . 18 Impact . | . . . . . . . Slashing 18 | . . . . . . 18 Piercing . | . . . . . . . Sneak Attacks 1 | . . . . . . 1 Combat Hostiles . | . . . . . . . Follow-up Attacks 1 | . . . . . . 1 Damage Inflicted 7958 | . 188 141 321 1589 303 5416 Guns 3535 | . 188 141 321 1589 99 1197 Cannons 753 | . . . . . . 753 Explosions 3002 | . . . . . 204 2798 Melee 668 | . . . . . . 668 Ramming . | . . . . . . . Kinetic 1557 | . . . 156 495 . 906 Thermal 2777 | . 188 141 165 892 204 1187 Explosive 2250 | . . . . . . 2250 Electromagnetic 706 | . . . . 202 99 405 Impact . | . . . . . . . Slashing 668 | . . . . . . 668 Piercing . | . . . . . . . Highest Corruption 6 | . . . . . . 6 Average Corruption 3 | . . . . . . 3 Corruption Purged . | . . . . . . . Corruption Blocked . | . . . . . . . Effects 17 | . . . . . . 17 Message Errors 3 | . . . . . . 3 Matter Fused 9 | . . . . . . 9 Energy Discharges 2 | . . . . . . 2 Parts Rejected 1 | . . . . . . 1 Misfires 1 | . . . . . . 1 Weapon Failures 1 | . . . . . . 1 Overload Shots . | . . . . . . . Overflow Damage 152 | . . . . . . 152 Projectiles 21 | . . . . . . 21 Explosions 131 | . . . . . . 131 Melee . | . . . . . . . Knockbacks 11 | . . . . . . 11 Impact . | . . . . . . . Kinetic 11 | . . . . . . 11 Secondary . | . . . . . . . Self-Inflicted Damage 128 | . . . . 35 20 73 Shots 4 | . . . . 1 1 2 Rammed . | . . . . . . . Targets Rammed . | . . . . . . . Kicked . | . . . . . . . Crushed . | . . . . . . . Highest Temperature 573 | . . 15 . 87 156 573 Average Temperature 90 | . . 8 . 32 70 126 Received Heat Transfer 1519 | . 6 9 30 225 18 1231 Effects 12 | . . . . . . 12 Shutdowns 3 | . . . . . . 3 Interference 2 | . . . . . . 2 Matter Decay 1 | . . . . . . 1 Short Circuit 1 | . . . . . . 1 Damage (minor) 4 | . . . . . . 4 Damage (major) 1 | . . . . . . 1 Siege Activations . | . . . . . . . Robots Corrupted 2 | . . . . . 1 1 Combat Hostiles 1 | . . . . . . 1 Parts Fried 5 | . . . . . 3 2 Impact Corruptions . | . . . . . . . Robots Melted 1 | . . . . . . 1 Combat Hostiles . | . . . . . . . Parts Melted 13 | . 2 2 . 4 . 5 Heat Transferred 5358 | . 555 296 296 1739 200 2272 Parts Sabotaged . | . . . . . . . Parts Stolen . | . . . . . . . Parts Stripped . | . . . . . . . Power Chain Reactions 6 | . . . . 1 1 4 Alert | -11 -10 -10 -10 -8 -7 -6 ------- Run | Yrd Mat Min Sub Mat Fac Fac Peak Influence 950 | . 127 77 . 356 124 950 Initial 102 | . . 49 . 26 102 4 Average 282 | . 48 59 . 204 77 428 Maximum Alert Level 3 | . . . . 1 . 3 Low Security (%) 52 | 100 100 100 . 56 100 25 Level 1 13 | . . . . 43 . 7 Level 2 25 | . . . . . . 49 Level 3 8 | . . . . . . 16 Level 4 . | . . . . . . . Level 5 . | . . . . . . . High Security . | . . . . . . . Max Security . | . . . . . . . Squads Dispatched 26 | . . . . 1 5 20 Investigation 1 | . . . . 1 . . Extermination 3 | . . . . . 1 2 Reinforcement 11 | . . . . . 1 10 Assault 3 | . . . . . . 3 Garrison 8 | . . . . . 3 5 Intercept . | . . . . . . . Searches Triggered . | . . . . . . . Construction Impeded 1 | . . . . . . 1 Haulers Reinforced 2 | . . . . . . 2 Active Scanning Responses . | . . . . . . . Cargo Convoy Interrupts 1 | . . . . . . 1 Stealth | -11 -10 -10 -10 -8 -7 -6 --------- Run | Yrd Mat Min Sub Mat Fac Fac Distress Signals 10 | . 1 . . 4 1 4 Communications Jammed . | . . . . . . . Distress Signals . | . . . . . . . Times Spotted 127 | . 8 2 4 20 6 87 Peak Tracking Total 12 | . 7 2 2 6 3 12 Tactical Retreats 19 | . 1 . . 1 . 17 Traps | -11 -10 -10 -10 -8 -7 -6 ------- Run | Yrd Mat Min Sub Mat Fac Fac Traps Triggered 5 | . . . . 1 . 4 Indirectly . | . . . . . . . Trap Hack Attempts . | . . . . . . . Triggered . | . . . . . . . Disarmed . | . . . . . . . Reprogrammed . | . . . . . . . Reused . | . . . . . . . Traps Extracted . | . . . . . . . Installed . | . . . . . . . Triggered 2 | . . . . . . 2 Machines | -11 -10 -10 -10 -8 -7 -6 ---------- Run | Yrd Mat Min Sub Mat Fac Fac Machines Disabled 18 | . 2 1 1 1 . 13 Max in Single Turn 3 | . 1 . 1 1 . 3 Garrison Access 2 | . . . . . . 2 Machines Repaired . | . . . . . . . Machines Dismantled . | . . . . . . . Machines Sabotaged . | . . . . . . . Overloaded Fab Kills . | . . . . . . . Hacking | -11 -10 -10 -10 -8 -7 -6 --------- Run | Yrd Mat Min Sub Mat Fac Fac Machines Accessed 11 | . . . 2 2 1 6 Terminals 6 | . . . . 2 1 3 Fabricators 2 | . . . . . . 2 Repair Stations . | . . . . . . . Recycling Units . | . . . . . . . Scanalyzers . | . . . . . . . Garrison Access 1 | . . . . . . 1 Total Hacks 32 | . . . 13 2 2 15 Successful 18 | . . . 13 . 1 4 Failed 14 | . . . . 2 1 11 Catastrophic 5 | . . . . 2 . 3 Database Lockouts . | . . . . . . . Manual 6 | . . . . 1 2 3 Terminals 13 | . . . . 2 2 9 Fabricators 4 | . . . . . . 4 Repair Stations . | . . . . . . . Recycling Units . | . . . . . . . Scanalyzers . | . . . . . . . Garrison Access 2 | . . . . . . 2 Terminal Hacks 15 | . . . 13 . . 2 Record 12 | . . . 12 . . . Alert Level 1 | . . . . . . 1 Hauler Manifests 1 | . . . . . . 1 Derelict Proto ID Bank 1 | . . . 1 . . . Fabricator Hacks 2 | . . . . . . 2 Network Status 1 | . . . . . . 1 Build 1 | . . . . . . 1 Repair Station Hacks . | . . . . . . . Recycling Unit Hacks . | . . . . . . . Scanalyzer . | . . . . . . . Garrison Access Hacks . | . . . . . . . Unauthorized Hacks 1 | . . . . . 1 . Terminals 1 | . . . . . 1 . Botnet 1 | . . . . . 1 . Fabricators . | . . . . . . . Repair Stations . | . . . . . . . Recycling Units . | . . . . . . . Scanalyzers . | . . . . . . . Garrison Access . | . . . . . . . Data Cores Recovered . | . . . . . . . Used . | . . . . . . . Hacking Detections 7 | . . . . 2 1 4 Full Trace Events . | . . . . . . . Feedback Events . | . . . . . . . Feedback Blocked . | . . . . . . . Robot Schematics Acquired . | . . . . . . . Robots Built . | . . . . . . . Authchips . | . . . . . . . Time . | . . . . . . . Total Robot Build Rating . | . . . . . . . Part Schematics Acquired . | . . . . . . . Parts Built 2 | . . . . . . 2 Authchips . | . . . . . . . Time 117 | . . . . . . 117 Total Part Build Rating 14 | . . . . . . 14 Parts Repaired . | . . . . . . . Time . | . . . . . . . Parts Recycled . | . . . . . . . Recycled Matter . | . . . . . . . Retrieved Matter . | . . . . . . . Retrieved Components . | . . . . . . . Parts Scanalyzed . | . . . . . . . Part Schematics Acquired . | . . . . . . . Parts Damaged . | . . . . . . . Bothacking | -11 -10 -10 -10 -8 -7 -6 ------------ Run | Yrd Mat Min Sub Mat Fac Fac Used RIF Installer . | . . . . . . . Robots Hacked . | . . . . . . . Non-combat . | . . . . . . . Combat . | . . . . . . . Robot Hacks Applied . | . . . . . . . Relay Couplers Released 3 | . . . . . . 3 Programmers 3 | . . . . . . 3 Fabnet Peak Effective % . | . . . . . . . Robots Rewired . | . . . . . . . Allies Hacked . | . . . . . . . Hacks Repelled . | . . . . . . . Allies | -11 -10 -10 -10 -8 -7 -6 -------- Run | Yrd Mat Min Sub Mat Fac Fac Total Allies 5 | . . 2 . . . 3 Largest Group 3 | . . 2 1 . . 3 Highest-Rated Group 93 | . . 42 11 . . 93 Highest-Rated Ally 31 | . . 31 11 . . 31 Total Orders . | . . . . . . . Ally Attacks 32 | . . 5 . . . 27 Total Damage 438 | . . 62 . . . 376 Kills . | . . . . . . . Allies Corrupted . | . . . . . . . Allies Melted 1 | . . . . . . 1 Intel | -11 -10 -10 -10 -8 -7 -6 ------- Run | Yrd Mat Min Sub Mat Fac Fac Robot Analysis Total . | . . . . . . . Derelict Logs Recovered 2 | . . 1 1 . . . Drone Launches . | . . . . . . . Drone Recoveries . | . . . . . . . Exploration | -11 -10 -10 -10 -8 -7 -6 ------------- Run | Yrd Mat Min Sub Mat Fac Fac Turns Passed 4975 | 32 134 351 715 938 614 2191 Spaces Moved 3554 | 44 87 269 587 440 415 1712 Core 78 | 43 35 . . . . . Treads . | . . . . . . . Legs 196 | . . . . 196 . . Wheels 2562 | 1 52 269 587 244 415 994 Hover 718 | . . . . . . 718 Flight . | . . . . . . . Fastest Speed 44 | 50 50 110 110 95 95 44 Average Speed 101 | 50 85 110 110 144 111 86 Slowest Speed 260 | 80 110 110 110 260 130 152 Overloaded Moves . | . . . . . . . Propulsion Burnouts . | . . . . . . . Robots Hopped . | . . . . . . . Cave-ins Triggered . | . . . . . . . Exploration Rate (%) 27 | 3 26 45 32 33 13 38 Regions Visited 6 Branch Regions 2 Pre-discovered Areas 2 | . . 1 1 . . . Known Exits Taken 1 | . . . . . 1 . Unknown Exits Taken 5 | 1 1 1 1 1 . . Scrap Searched . | . . . . . . . Spaces Dug 1 | . . . . . . 1 Terrain Destroyed 101 | . . . . 2 2 97 Melee . | . . . . . . . Projectile 6 | . . . . . . 6 AOE 95 | . . . . 2 2 91 Terrain Rammed . | . . . . . . . Walls Destroyed . | . . . . . . . Machines Disabled . | . . . . . . . Actions | -11 -10 -10 -10 -8 -7 -6 --------- Run | Yrd Mat Min Sub Mat Fac Fac Total 4582 | 51 125 319 616 639 562 2270 Wait 524 | . 3 20 5 54 117 325 Move 3548 | 43 86 268 586 439 414 1712 Hop . | . . . . . . . Pick Up 86 | 2 20 10 1 20 5 28 Fast Attach 49 | 5 . 1 . 18 5 20 Attach 38 | . 3 . . 7 2 26 Detach 18 | 1 . . . 1 2 14 Swap 41 | . 2 3 2 5 3 26 Drop 81 | . 1 12 2 32 10 24 Fire 180 | . 10 5 20 63 4 78 Melee 17 | . . . . . . 17 Ram . | . . . . . . . Kick . | . . . . . . . Crush . | . . . . . . . Escape Stasis . | . . . . . . . Rewire . | . . . . . . . Trap . | . . . . . . . Miscellaneous . | . . . . . . . Route ------- -11/Scrapyard -10/Materials -10/Mines (discovered 2 exits: [*Mat] / *Sub) -10/Subcaves -8/Materials -7/Factory (discovered 4 exits: *Fac x2 / Low x2) -6/Factory (discovered 1 exit: [*Fac]) History --------- Turn | Location | Event 9 | -11/Scrapyard | Discovered new exit (range 16) 33 | -11/Scrapyard | Entered Materials 133 | -10/Materials | Discovered new exit (range 10) 167 | -10/Materials | Entered Mines 183 | -10/Mines | Discovered new exit (range 15) 314 | -10/Mines | Build established: Mutant 381 | -10/Mines | Joined a pair of Derelicts in attacking an 0b10 outpost 423 | -10/Mines | Lost 3 allies 501 | -10/Mines | Discovered new exit (range 9) 518 | -10/Mines | Entered Subcaves 518 | -10/Subcaves | Accompanied by 1 ally 608 | -10/Subcaves | Learned Materials emergency access door positions 616 | -10/Subcaves | Discovered new exit (range 12) 676 | -10/Subcaves | Build established: Scavenger-Mutant 761 | -10/Subcaves | Visited 4L-MR0's lab 773 | -10/Subcaves | Found Power Bank 926 | -10/Subcaves | Visited Clippyterm 930 | -10/Subcaves | Learned location of Section 7 (-3) 930 | -10/Subcaves | Learned 40 Factory zone layouts 1233 | -10/Subcaves | Entered Materials 1233 | -8/Materials | Evolved 4 slots: Propulsion x1, Utility x3 1348 | -8/Materials | Lost 4 parts (1p1n1u1w) 1432 | -8/Materials | Attached Power Bank, gained temporary slots: Power x3 1772 | -8/Materials | Discovered new exit (range 10) 2117 | -8/Materials | Met 7R-MNS 2171 | -8/Materials | Entered Factory 2171 | -7/Factory | Evolved 2 slots: Propulsion x1, Utility x1 2172 | -7/Factory | Caught up to 7R-MNS 2172 | -7/Factory | Identified exit to Lower Caves 2172 | -7/Factory | Identified exit to Factory 2385 | -7/Factory | Garrison activated, responded to threat 2776 | -7/Factory | Discovered exit to Factory (range 9) 2785 | -7/Factory | Entered another Factory area 2785 | -6/Factory | Evolved 2 slots: Propulsion x1, Utility x1 2786 | -6/Factory | Caught up to 7R-MNS 3256 | -6/Factory | Garrison activated, responded to threat 3365 | -6/Factory | Lost 3 allies 3427 | -6/Factory | Garrison activated, responded to threat 3452 | -6/Factory | Lost 4 parts (1p2u1w) 3986 | -6/Factory | Cargo convoy interrupted 4047 | -6/Factory | Garrison activated, responded to threat 4233 | -6/Factory | Discovered new exit (range 13) 4324 | -6/Factory | Destroyed 7 combat bots 4384 | -6/Factory | Lost 8 parts (2p1n3u2w) 4535 | -6/Factory | First assault squad dispatched 4552 | -6/Factory | Found Prototype Launcher 4552 | -6/Factory | Identified Rocket Array 4577 | -6/Factory | Fabricated Adv. Cryofiber Web? 4695 | -6/Factory | Build established: Scout 4740 | -6/Factory | Core integrity fell below 50% 4770 | -6/Factory | Lost 3 parts (1n1u1w) 4961 | -6/Factory | Core integrity fell below 20% 4976 | -6/Factory | Destroyed by L-41 Fighter with Axe Last Messages --------------- 04918_ Antigrav System broken. 04918_ Overheating: Short circuit. 04919_ Overheating: Imp. Gravmag System damaged (-28). 04920_ Overheating: Matter decay (-38). 04920_ Med. Reactive Plating destroyed. 04921_ Power failure, Lgt. Angular Momentum Engine shutdown. 04924_ Broken Antigrav System destroyed. 04924_ Critical hit (Burn: +37). 04927_ Overheating: Imp. Gravmag System damaged (-5). 04930_ System corrupted: Matter fused (-6). 04934_ Imp. Gravmag System destroyed. 04937_ Critical hit (Burn: +37). 04950_ Imp. Gravmag System destroyed. 04963_ Y-54 Guardian destroyed. 04969_ Chainsword follow-up attack on L-41 Fighter. 04970_ Imp. Utility Shielding destroyed. 04970_ Adv. ECM Suite destroyed. 04971_ Chainsword destroyed. 04971_ L-41 Fighter Imp. Deuterium Engine severed. 04973_ Critical hit (Burn: +37). Map ----- +----------------------------------------------------+ | ?????????????????????????????????????????????????? | | ?????????????????? ??????????????????????????????? | | ????????????????? ?????????????????????????????? | | ???????????????? ??????##+#+################? | | ???????????????? ?????# # #? | | ???????????????? ##### # ==* #? | | ???????????????? !%= # = #? | | ??????????????? ! / "" "" =* #? | | ???????????????? # ""T"" ## | | ????????????????? ##### # """ / | | ????????????????????????????# # ] ## | | ????????????????????????????### ##### #########? | | ??????????????????????????????# ###########????? | | ??????????????????????????????# # """=#????? | | ????????????????#####+######### # "T %#????? | | ????????????????# # # ! %!#????? | | ????????????????# # # """" #????? | | ????????????????# # # """" #????? | | ????????????????# / / """" #????? | | ????????????????# # # """" #????? | | ????????????????# + # #????? | | ????????????????##+#############+############????? | | ?????????????????# #???# !! g ????????????? | | ?????????????????# #??## !! """ ""??????????????? | | ?????????????????# #??# !% """ """?????????????? | | ?????????????????# #???#%@ """ """ ""??????????? | | ?????????????????# #####l R #???????? | | ?????????????????# /g """"T"""" ! #???????? | | ?????????????????####### """"""""""" #???????? | | ????????????????????????##########???????????????? | | | | | | | | | | | | | | | | | | | | | | | | | | | | | | | | | | | | | | | | | +----------------------------------------------------+ Best States ------------- Heat Dissipation 72 Energy Generation 43 Energy Capacity 575 Matter Stores 300 Matter Capacity 300 Sight Range 20 Robot Scan Range 15 Terrain Scan Density 10 ECM Strength 2 EM Shielding 2 Corruption Containment 8 Armor Coverage 225 Resistance: KI 30 Resistance: EM 25 Power Shielding 66 Utility Shielding 66 Weapon Shielding 33 Melee Speed Boost 20 Evasion (%) 66 Targeting Accuracy 10 Item Schematics ----------------- None Robot Schematics ------------------ None Fabricated ------------ Adv. Cryofiber Web | x2 | -6/Factory | Preloaded Alien Tech Used ----------------- None Achievements -------------- None Challenges ------------ None Game ------ Seed SubatomicFortressInjector Manual? 0 Play Time 01:18:57 Cumulative 189.7 hours Start 2024.09.07 @ 22:14:01 End 2024.09.10 @ 21:46:11 Sessions 5 Manual Loads 0 Difficulty Rogue Special Mode None Game No. 194 Rogue 194 Adventurer 0 Explorer 0 Win Type - Total 0 Types 0/0/0/0/0/0/0/0/0 Lore% 21 Gallery% 58 Achievement% 42 Wizard Run 0 Options --------- Layout 0 ASCII 0 Keyboard 1 Movement Vi Keybinds 0 Fullscreen 1 Font 24/Smallcaps Map View 76x50 Zoom Use 0% Tactical HUD 1 Map Filters NONE Filters NONE Steam 1 RUN: 27925902-15d6-41b9-8c17-53d644614fbf